Map: [TLMC19] Dynasty

Players

LiquidMaNa (MaNa)

  • Race: Protoss Protoss
  • League: Grandmaster
  • Spawn Location: 7:00

MaxPax - Winner!

  • Race: Protoss Protoss
  • League: Grandmaster
  • Spawn Location: 1:00

VOD

Have the link to the VOD?

Description

Time

  • Played on: Dec. 22, 2023, 6:35 a.m.
  • Length: 8:11
Show
View Real Time Build Order
Export as new Build Order

LiquidMaNa Protoss 

Build Orders: Phoenix Opening 

Get SALT Encoding   

  12  0:00  Probe  
  13  0:12  Probe  
  14  0:17  Pylon  
  14  0:24  Probe (Chrono Boost)  
  15  0:36  Gateway, Probe (Chrono Boost)  
  16  0:45  Probe (Chrono Boost)  
  16  0:47  Assimilator  
  17  0:51  Probe  
  18  1:03  Probe (Chrono Boost)  
  19  1:04  Assimilator  
  19  1:10  Gateway  
  19  1:12  Probe (Chrono Boost)  
  19  1:17  Probe (Chrono Boost)  
  20  1:25  Cybernetics Core  
  21  1:29  Probe  
  22  1:35  Pylon  
  22  1:41  Probe  
  23  1:53  Probe  
  24  2:01  Adept x2  
  24  2:02  Warp Gate  
  24  2:08  Pylon  
  29  2:18  Stargate  
  29  2:20  Probe  
  29  2:33  Probe  
  30  2:42  Pylon  
  30  2:51  Nexus  
  30  3:02  Phoenix (Chrono Boost)  
  32  3:08  Shield Battery  
  32  3:10  Probe  
  32  3:22  Probe  
  32  3:25  Phoenix (Chrono Boost)  
  33  3:34  Probe  
  34  3:42  Phoenix (Chrono Boost)  
  34  3:46  Probe  
  37  3:53  Twilight Council  
  35  3:58  Probe  
  36  4:03  Stalker  
  36  4:05  Stalker  
  36  4:08  Probe  
  41  4:10  Probe  
  42  4:20  Probe  
  42  4:23  Probe  
  43  4:33  Stalker x2  
  43  4:34  Probe  
  43  4:35  Probe  
  49  4:46  Probe  
  49  4:47  Probe  
  48  4:56  Stalker x2  
  48  4:58  Probe  
  48  4:59  Blink (Chrono Boost), Probe  
  51  5:10  Probe  
  51  5:11  Probe  
  53  5:22  Probe  
  53  5:25  Gateway  
  54  5:29  Gateway  
  54  5:34  Shield Battery  
  54  5:35  Pylon  
  54  5:44  Robotics Facility  
  54  5:50  Probe  
  54  5:54  Probe  
  55  5:57  Stalker x2  
  55  6:02  Probe  
  60  6:06  Probe  
  60  6:09  Pylon  
  61  6:14  Probe  
  62  6:20  Pylon  
  62  6:26  Probe  
  62  6:27  Stalker x4  
  66  6:47  Probe x2  
  66  6:49  Nexus  
  69  6:54  Pylon, Observer  
  69  6:59  Probe  
  70  7:09  Pylon, Assimilator  
  70  7:12  Stalker x4  
  78  7:19  Shield Battery  
  78  7:23  Shield Battery  
  78  7:27  Probe  
  66  7:37  Stalker x2  
  66  7:39  Stalker  
Show
View Real Time Build Order
Export as new Build Order

MaxPax Protoss - Winner!

Build Orders: Oracle Opening 

Get SALT Encoding   

  12  0:00  Probe  
  13  0:12  Probe  
  14  0:18  Pylon  
  14  0:24  Probe  
  15  0:36  Probe (Chrono Boost)  
  15  0:40  Gateway  
  16  0:46  Probe (Chrono Boost), Assimilator  
  17  0:51  Probe (Chrono Boost)  
  17  0:54  Assimilator  
  18  1:03  Probe (Chrono Boost)  
  19  1:05  Pylon  
  20  1:12  Probe (Chrono Boost)  
  20  1:17  Probe (Chrono Boost)  
  21  1:27  Cybernetics Core  
  21  1:29  Probe  
  22  1:36  Zealot  
  24  1:41  Probe  
  25  1:54  Probe  
  26  2:02  Stargate  
  26  2:06  Warp Gate  
  27  2:16  Stalker  
  27  2:28  Nexus  
  27  2:36  Pylon  
  27  2:39  Shield Battery  
  27  2:45  Oracle (Chrono Boost)  
  30  2:55  Shield Battery  
  30  3:00  Probe  
  30  3:05  Stalker  
  31  3:17  Shield Battery, Probe  
  32  3:29  Probe  
  37  3:38  Shield Battery  
  33  3:41  Probe (Chrono Boost)  
  33  3:44  Probe (Chrono Boost)  
  35  3:48  Twilight Council  
  35  3:50  Gateway  
  35  3:54  Probe (Chrono Boost), Stalker  
  39  3:58  Probe (Chrono Boost)  
  39  3:59  Probe (Chrono Boost)  
  40  4:05  Probe  
  40  4:06  Gateway  
  40  4:08  Probe  
  40  4:17  Probe  
  40  4:20  Probe  
  40  4:22  Blink (Chrono Boost)  
  42  4:33  Probe x2  
  42  4:40  Stalker  
  42  4:45  Probe x2  
  46  4:47  Stalker  
  48  4:57  Probe  
  48  4:59  Probe  
  50  5:01  Stalker  
  50  5:04  Pylon  
  50  5:06  Pylon  
  52  5:07  Assimilator  
  52  5:09  Gateway  
  52  5:13  Stalker  
  54  5:19  Robotics Facility  
  54  5:22  Probe x2  
  54  5:23  Stalker  
  58  5:28  Stalker  
  58  5:34  Probe x2  
  62  5:40  Stalker  
  64  5:43  Pylon  
  64  5:49  Dark Shrine  
  64  5:54  Stalker  
  64  5:56  Stalker  
  68  5:59  Probe  
  68  6:02  Pylon  
  69  6:09  Observer (Chrono Boost)  
  70  6:13  Pylon, Nexus  
  70  6:18  Stalker  
  69  6:20  Stalker  
  69  6:25  Warp Prism (Chrono Boost)  
  71  6:30  Probe  
  74  6:40  Stalker x2  
  78  6:48  Probe x2  
  78  6:50  Forge  
  78  6:51  Stalker  
  82  6:56  Stalker  
  82  7:00  Probe  
  85  7:04  Shield Battery  
  85  7:11  Stalker x2  
  85  7:12  Probe  
  85  7:14  Probe  
  91  7:19  Stalker  
  93  7:29  Dark Templar  
  89  7:30  Probe  
  83  7:38  Dark Templar  
  83  7:39  Probe  
  77  7:45  Probe  
Tags
 
Add a new tag
Caveats
  • Supply blocks, unpowered buildings, or Contaminate may cause inaccurate times.
  • Supply counts are checked every 10 seconds.